[Event "*** Titled Tuesday Blitz"]
[Site "Chess.com"]
[Date "2020.11.03"]
[Round "8"]
[White "arminmusovic"]
[Black "jonaszmb"]
[Result "0-1"]
[WhiteElo "2549"]
[BlackElo "2420"]
[TimeControl "180+1"]
[EndTime "11:32:21 PST"]
[Termination "jonaszmb won by resignation"]

1. a3 g6 2. Nc3 Bg7 3. e4 c5 4. Nf3 Nc6 5. Bc4 e6 6. Ba2 Nge7 7. O-O d5 8. Re1 d4 9. Ne2 O-O 10. Ng3 e5 11. d3 Qd6 12. b4 cxb4 13. axb4 b5 14.
Bb3 Be6 15. Bxe6 Qxe6 16. Ra6 Qc8 17. Ra2 Nxb4 18. Rb2 a5 19. Bd2 Nec6 20. Qa1 Qd7 21. Reb1 h6 22. Qa3 Rfb8 23. Qb3 Bf8 24. Bxb4 Bxb4 25.
h4 Bc3 26. Ra2 a4 27. Qa3 b4 28. Qc1 Kg7 29. h5 b3 30. cxb3 axb3 31. Rxa8 b2 32. Qd1 Rxa8 33. Nh4 Ne7 34. hxg6 fxg6 35. Nhf5+ gxf5 36. Nh5+ Kf7 37. Qb3+ Qe6 38. Qc2 Ra1 39. g4 f4 40. f3 Qa2 41. Kg2 Rxb1 42. g5 Rg1+ 43. Kh3 Rxg5 44. Nxf4 b1=Q 45. Qxa2+ Qxa2 46. Kh4 Qf2+ 0-1

[Event "*** Titled Tuesday Blitz"]
[Site "Chess.com"]
[Date "2020.11.03"]
[Round "8"]
[White "jaskol95"]
[Black "fyall777"]
[Result "0-1"]
[WhiteElo "2319"]
[BlackElo "2448"]
[TimeControl "180+1"]
[EndTime "11:32:22 PST"]
[Termination "fyall777 won by resignation"]

1. d4 d5 2. Bf4 e6 3. e3 Bd6 4. Bg3 Nf6 5. c3 Nbd7 6. Nf3 Ne4 7. Nbd2 Nxg3 8. hxg3 f5 9. Bd3 Nf6 10. Qc2 c5 11. Ne5 Bxe5 12. dxe5 Ng4 13. Nf3 O-O 14. O-O-O Qc7 15. Qa4 c4 16. Bc2 Bd7 17. Qa3 Nxf2 18. Qe7 Rf7 19. Qh4 Nxh1 20. Ng5 h6 21.
Nxf7 Kxf7 22. Rxh1 Qxe5 23. Qh5+ Kg8 24. g4 Qxe3+ 25.
Kb1 Be8 26. Qh4 Bg6 27. Qe7 d4 28. gxf5 Bxf5 29. Bxf5 exf5 30. Qxb7 Re8 31. Qd5+ Kh8 32. Qxd4 Qxd4 33. cxd4 Re2 34. d5 Rd2 35. Rc1 Rd4 36. d6 h5 37. d7 Kh7 38. Rxc4 Rxd7 39. b4 g5 40. a4 h4 41. b5 Kg6 42. a5 g4 43. Kc2 Kg5 44. Ra4 h3 45. gxh3 gxh3 46. b6 axb6 47. axb6 h2 48. Ra1 Kg4 49. Rh1 Kg3 0-1

[Event "*** Titled Tuesday Blitz"]
[Site "Chess.com"]
[Date "2020.11.03"]
[Round "8"]
[White "MattyDPerrine"]
[Black "Ranindu2003"]
[Result "1-0"]
[WhiteElo "2409"]
[BlackElo "2564"]
[TimeControl "180+1"]
[EndTime "11:32:23 PST"]
[Termination "MattyDPerrine won by resignation"]

1. e4 e6 2. d4 d5 3. Nc3 Bb4 4. e5 c5 5. a3 Bxc3+ 6. bxc3 Ne7 7. Qg4 Qc7 8. Qxg7 Rg8 9. Qxh7 cxd4 10. Qd3 Qxe5+ 11.
Ne2 dxc3 12. Qxc3 Qxc3+ 13. Nxc3 Nbc6 14. Nb5 Kd7 15. Bb2 a6 16. Nd4 e5 17. Nxc6 Nxc6 18. O-O-O Ke6 19. g3 f6 20. Bg2 Ne7 21. c4 d4 22. f4 Kd6 23. fxe5+ fxe5 24. a4 Bg4 25. Ba3+ Ke6 26. Rde1 Nc6 27. Bd5+ Kd7 28. Bxc6+ Kxc6 29. Rxe5 Rad8 30. Rf1 Rh8 31. Rf6+ Kc7 32. h4 Rhf8 33. Rxf8 Rxf8 34. Bxf8 d3 35. Kd2 Be2 36. Rg5 Kd7 37.
Bb4 Ke6 38. Bc3 Kd7 39. c5 Kc6 40. a5 Kc7 41. Ke3 Kc6 42. Bd2 Kb5 43. h5 Kc4 44. h6 Kb3 45. h7 1-0

[Event "*** Titled Tuesday Blitz"]
[Site "Chess.com"]
[Date "2020.11.03"]
[Round "8"]
[White "Deepweb2020"]
[Black "Tactictic"]
[Result "0-1"]
[WhiteElo "2256"]
[BlackElo "2406"]
[TimeControl "180+1"]
[EndTime "11:32:24 PST"]
[Termination "Tactictic won on time"]

1. d4 Nf6 2. c4 e6 3. g3 d5 4. Nf3 Bb4+ 5. Bd2 Bd6 6. Bg2 c6 7.
Qc2 O-O 8. O-O Ne4 9. b3 Nd7 10. Nc3 f5 11. e3 Ndf6 12. Ne1 g5 13. Nd3 Nxd2 14. Qxd2 Ne4 15. Qc2 Qf6 16. f4 h5 17.
Ne5 h4 18. Bxe4 dxe4 19. c5 Bxe5 20. fxe5 Qh6 21. b4 Kg7 22. gxh4 Qxh4 23. Qf2 Qh3 24.
Nxe4 Qg4+ 25. Ng3 Bd7 26. Qf3 Qh4 27. Qh5 Rh8 28. Qxh4 Rxh4 29. Rf2 Be8 30. Raf1 Bg6 31. Ne2 Re4 32. Rf3 Bh5 33. R3f2 Rxe3 34. Ng3 Bg4 35.
Rd2 f4 36. Kf2 Rf8 37. Ne2 Rf3+ 38. Ke1 Rxf1+ 39. Kxf1 Bh3+ 40. Kf2 g4 41. Nc3 Kg6 42. Ne4 Kh5 43. Nd6 Kh4 44. Nxb7 g3+ 45. Kg1 f3 46. hxg3+ Kxg3 47. Rf2 Rf4 0-1

[Event "*** Titled Tuesday Blitz"]
[Site "Chess.com"]
[Date "2020.11.03"]
[Round "8"]
[White "ehrenfeld"]
[Black "anon102030"]
[Result "0-1"]
[WhiteElo "2481"]
[BlackElo "2667"]
[TimeControl "180+1"]
[EndTime "11:32:25 PST"]
[Termination "anon102030 won on time"]

1. e4 e5 2. Nc3 Nc6 3. Bc4 g6 4. d3 Bg7 5. f4 d6 6. Nf3 exf4 7. Bxf4 Nf6 8. O-O Be6 9. Bg5 Bxc4 10. dxc4 h6 11.
Bh4 g5 12. Bg3 O-O 13. e5 Ng4 14. exd6 cxd6 15. Qxd6 Ne3 16. Qxd8 Raxd8 17. Rf2 Nxc4 18. Rb1 Rfe8 19. Re2 Rxe2 20. Nxe2 Nxb2 21. c3 Rd1+ 22. Rxd1 Nxd1 23. Nfd4 Nxc3 24. Bf2 Nxd4 25. Nxc3 a6 26. Kf1 f5 27. Nd5 Kf7 28. Bxd4 Bxd4 29. Ke2 Ke6 30. Nc7+ Ke5 31. Kd3 Bg1 32. h3 h5 33. a4 Bb6 34. Ne8 Bd8 35. Ng7 h4 36. Ne8 b5 37. axb5 axb5 38. Ng7 Kf6 39. Ne8+ Ke5 0-1

[Event "*** Titled Tuesday Blitz"]
[Site "Chess.com"]
[Date "2020.11.03"]
[Round "8"]
[White "Neftegor"]
[Black "PauloCesarCosta_sad"]
[Result "1-0"]
[WhiteElo "2452"]
[BlackElo "2327"]
[TimeControl "180+1"]
[EndTime "11:32:25 PST"]
[Termination "Neftegor won by checkmate"]

1. d4 d5 2. c4 c6 3. Nc3 e6 4. e3 Nf6 5. Nf3 Nbd7 6. Bd3 Bd6 7. e4 dxe4 8. Nxe4 Nxe4 9. Bxe4 O-O 10. O-O h6 11. b3 e5 12. Bc2 Re8 13. Re1 exd4 14. Rxe8+ Qxe8 15. Qd3 Ne5 16. Qh7+ Kf8 17. Qh8+ Ke7 18.
Qxg7 Nxf3+ 19. gxf3 c5 20. Bxh6 Be6 21. Re1 Qg8 22.
Bg5+ Kd7 23. Qh6 Bf8 24. Qf6 Re8 25. h4 Bg7 26. Qf4 f6 27. Qe4 Kc8 28. Qg6 Kb8 29. Bf4+ Ka8 30. Bf5 Bf7 31. Rxe8+ Bxe8 32. Qg4 Qf7 33.
Be4 a6 34. Qc8+ Ka7 35. Qxc5+ Ka8 36. Qb6 Bc6 37. Bxc6 bxc6 38. Qb8# 1-0

[Event "*** Titled Tuesday Blitz"]
[Site "Chess.com"]
[Date "2020.11.03"]
[Round "8"]
[White "pastouche06"]
[Black "snowlord"]
[Result "1-0"]
[WhiteElo "2516"]
[BlackElo "2702"]
[TimeControl "180+1"]
[EndTime "11:32:26 PST"]
[Termination "pastouche06 won by resignation"]

1. d4 Nf6 2. c4 g6 3. f3 Bg7 4. e4 O-O 5. Ne2 d6 6. Be3 Nbd7 7. Qd2 a6 8. Nec3 b5 9. cxb5 axb5 10.
Bxb5 Nb6 11. O-O c6 12. Be2 Nfd7 13. Na3 e5 14. Nc4 Nxc4 15. Bxc4 exd4 16. Bxd4 Ne5 17. Be2 Be6 18. Rfd1 Rb8 19. b3 Qa5 20. Rac1 Rfd8 21. Na4 Qc7 22. f4 Bh6 23. g3 Bh3 24. Ba1 Qa7+ 25.
Bd4 c5 26. Ba1 Ng4 27. Bc4 d5 28. exd5 Re8 29. Qc3 f6 30. d6+ Kg7 31. Re1 Qb7 32. Bf1 Bxf1 33. Rxf1 Re2 34. Qf3 Qxf3 35. Rxf3 Nxh2 36.
Rd3 Rbe8 37. d7 Rd8 38. Nxc5 Ng4 39. Nb7 Rxd7 40. Rxd7+ Kf8 41. Rc8+ 1-0

[Event "*** Titled Tuesday Blitz"]
[Site "Chess.com"]
[Date "2020.11.03"]
[Round "8"]
[White "Titus369"]
[Black "winniethepooh04"]
[Result "1-0"]
[WhiteElo "2534"]
[BlackElo "2229"]
[TimeControl "180+1"]
[EndTime "11:32:26 PST"]
[Termination "Titus369 won by resignation"]

1. e4 e6 2. d4 d5 3. Nd2 c5 4.
Ngf3 cxd4 5. exd5 Qxd5 6. Bc4 Qd6 7. O-O Nf6 8. Nb3 Nc6 9. Nbxd4 Nxd4 10. Nxd4 a6 11. a4 Qc7 12. Qe2 Be7 13. Bg5 O-O 14. Rad1 Re8 15. Bh4 Bd7 16. Bg3 Qc5 17. Bd3 Bxa4 18. Rfe1 Rad8 19. Nf3 Bc6 20. Ne5 Bb5 21.
Nxf7 Kxf7 22. Qxe6+ Kf8 23. Bxb5 Rxd1 24. Rxd1 axb5 25.
c3 Qc6 26. Qf5 Rd8 27. Re1 Qd7 28. Qf3 Qd2 29. Rf1 b4 30. cxb4 Qxb4 31. b3 Qe4 32.
Qc3 Qc6 33. Qe3 Qc5 34. Qf3 b5 35. h3 b4 36. Re1 Qc3 37. Re3 Qc1+ 38. Kh2 Rd1 39. Bf4 Bd6 40. Qa8+ Kf7 41. Qb7+ Kg6 42. Rg3+ Kf5 43. Bxc1 Bxg3+ 44. fxg3 Rxc1 45. Qf3+ Ke6 46.
Qe3+ Kf7 47. Qxc1 1-0

[Event "*** Titled Tuesday Blitz"]
[Site "Chess.com"]
[Date "2020.11.03"]
[Round "8"]
[White "giantslayer83"]
[Black "Yashasd1995"]
[Result "1-0"]
[WhiteElo "2712"]
[BlackElo "2574"]
[TimeControl "180+1"]
[EndTime "11:32:28 PST"]
[Termination "giantslayer83 won by resignation"]

1. d4 Nf6 2. Bg5 Ne4 3. Bf4 d5 4. e3 g6 5. Bd3 Bg7 6. Bxe4 dxe4 7. Nc3 f5 8. h4 h6 9. Nge2 e6 10. f3 exf3 11. gxf3 Nd7 12. Nb5 e5 13. dxe5 a6 14. Nbd4 Nxe5 15. Bxe5 Bxe5 16. f4 Bf6 17. h5 Bh4+ 18.
Kf1 g5 19. Nf3 Be6 20. Nxh4 gxh4 21. Kf2 Bd5 22. Rh2 Qd6 23. Nc3 O-O-O 24. Qxd5 Qxd5 25. Nxd5 Rxd5 26. Kf3 Rg8 27. Re2 Rg3+ 28. Kf2 Rd8 29. Rh1 Rg4 30. Ke1 Re8 31. Kd2 Kd7 32. Kd3 Kd6 33.
Rh3 c5 34. c4 Re4 35. b3 Re8 36.
Reh2 Rg3 37. Rxg3 hxg3 38. Rg2 Rg8 39. Ke2 Rg4 40. Kf3 Rh4 41. Rxg3 Rxh5 42. Rg6+ Kc7 43. e4 fxe4+ 44. Kxe4 Rh1 45. f5 Re1+ 46. Kd5 Rd1+ 47.
Ke6 h5 48. f6 Re1+ 49. Kf7 h4 50. Rh6 Re4 51. Kg7 Rg4+ 52. Kf8 Kd7 53. f7 b5 54.
Rh7 bxc4 55. bxc4 Rxc4 56. Kg8 Rg4+ 57. Rg7 Rf4 58. f8=Q+ 1-0

[Event "*** Titled Tuesday Blitz"]
[Site "Chess.com"]
[Date "2020.11.03"]
[Round "8"]
[White "korbul"]
[Black "dopolian"]
[Result "1-0"]
[WhiteElo "2536"]
[BlackElo "2355"]
[TimeControl "180+1"]
[EndTime "11:32:28 PST"]
[Termination "korbul won by resignation"]

1. e4 Nc6 2. Bc4 g6 3. d4 e5 4.
dxe5 Nxe5 5. Bb3 Bg7 6. f4 Nc6 7. Nf3 Nge7 8. Nc3 O-O 9. h4 h5 10. f5 d6 11. Bg5 gxf5 12. Qd2 Qe8 13. O-O-O Ng6 14. Rhe1 f4 15. Nd5 Qd7 16. Bxf4 Nce7 17. Bh6 Nxd5 18. Bxg7 Kxg7 19. Bxd5 Qg4 20. Qc3+ f6 21.
Qxc7+ Bd7 22. Qxd6 Rfd8 23. Nd4 Qxh4 24. Be6 Qg5+ 25. Kb1 Nf8 26. Nf5+ Kh8 27. Bxd7 Rxd7 28. Qb4 Rxd1+ 29. Rxd1 Re8 30. a4 Qg4 31. Qd4 Qg5 32.
Rh1 Ne6 33. Qd7 Qg6 34. Nh4 Qg8 35. Nf5 Qg6 36. g4 Ng7 37. Nxg7 Qxe4 38. Qxe8+ 1-0

[Event "*** Titled Tuesday Blitz"]
[Site "Chess.com"]
[Date "2020.11.03"]
[Round "8"]
[White "Jospem"]
[Black "Nikolakis2014"]
[Result "0-1"]
[WhiteElo "2982"]
[BlackElo "2757"]
[TimeControl "180+1"]
[EndTime "11:32:29 PST"]
[Termination "Nikolakis2014 won on time"]

1. e4 c6 2. d4 d5 3. exd5 cxd5 4. Bd3 Nf6 5. c3 Bg4 6. Qb3 Qc7 7. h3 Bd7 8. Nf3 e6 9. O-O Bd6 10. Re1 Bc6 11. Bg5 Nbd7 12. Nbd2 O-O 13. a4 Rfe8 14. Qc2 h6 15. Bxf6 Nxf6 16. Ne5 Bxe5 17. Rxe5 Nd7 18.
Re3 e5 19. dxe5 Nxe5 20. Bf1 Ng6 21. Rxe8+ Rxe8 22. Nb3 Qf4 23. Qd2 Qf6 24. Qd4 Qg5 25. Kh2 Re4 26. Qxa7 Nf4 27. Nd4 Qe5 28. Nf3 Qd6 29.
Kg1 Qg6 30. g3 d4 31. Nxd4 Bd5 32. a5 Re8 33. a6 Qe4 34. f3 Qe3+ 35. Kh1 Bxf3+ 36.
Nxf3 Qxa7 37. gxf4 bxa6 38. Nd4 Qb7+ 39. Bg2 Qxb2 40.
Rxa6 Qxc3 41. Nf3 Qc1+ 42. Kh2 Qxf4+ 43. Kh1 Rc8 0-1

[Event "*** Titled Tuesday Blitz"]
[Site "Chess.com"]
[Date "2020.11.03"]
[Round "8"]
[White "lolo9292"]
[Black "ChessWarrior7197"]
[Result "0-1"]
[WhiteElo "2515"]
[BlackElo "3015"]
[TimeControl "180+1"]
[EndTime "11:32:30 PST"]
[Termination "ChessWarrior7197 won by resignation"]

1. Nf3 d5 2. g3 Nd7 3. d4 Nb6 4. Bg2 Bf5 5. Na3 e6 6. O-O Bxa3 7. bxa3 Nf6 8. Ne5 O-O 9. f3 c5 10. g4 Bg6 11. h4 h5 12. g5 Nfd7 13. Nxd7 Nxd7 14.
dxc5 Nxc5 15. Be3 Rc8 16. Qd4 b6 17. c4 e5 18. Qxd5 Qe7 19. Qd2 Ne6 20. Rac1 Rfd8 21.
Qb2 Nf4 22. Rfd1 Rxd1+ 23. Rxd1 Rxc4 24. Qd2 Kh7 25. Bf1 Rc2 26. Qd7 Qxa3 27. Bxf4 exf4 28. Qd8 Rxa2 29. Qb8 Qe3+ 30. Kh1 Rxe2 31. Bxe2 Qxe2 32. Rd8 Qxf3+ 33. Kg1 Qg3+ 34. Kf1 Bd3+ 35. Rxd3 Qxd3+ 36. Kf2 Qe3+ 37. Kf1 Qh3+ 38. Ke2 Qxh4 39. Qd8 Qg4+ 40. Kf2 Qg3+ 41. Kf1 h4 42. Qd5 Qh3+ 43. Kg1 Qe3+ 44.
Kf1 Qc1+ 45. Kg2 f3+ 46. Qxf3 Qxg5+ 47. Kh1 f5 48. Qd5 h3 49. Qxf5+ Qxf5 0-1

[Event "*** Titled Tuesday Blitz"]
[Site "Chess.com"]
[Date "2020.11.03"]
[Round "8"]
[White "anon569"]
[Black "ARTHURMOTIVATOR"]
[Result "1-0"]
[WhiteElo "2262"]
[BlackElo "2362"]
[TimeControl "180+1"]
[EndTime "11:32:30 PST"]
[Termination "anon569 won on time"]

1. e4 c6 2. d4 d5 3. Nd2 dxe4 4.
Nxe4 Nf6 5. Ng3 h5 6. Nf3 h4 7.
Ne2 h3 8. g3 Bg4 9. Ne5 Qd5 10.
Rg1 Nbd7 11. c4 Nxe5 12. dxe5 Qxe5 13. Qb3 O-O-O 14. f3 Qa5+ 15. Kf2 e5 16. Be3 Bc5 17. Nc1 Qd2+ 18. Be2 Bxe3+ 19. Qxe3 Qxe3+ 20. Kxe3 Bf5 21. Nb3 b6 22. a4 Kc7 23. a5 Rhe8 24. axb6+ axb6 25. Ra7+ Kb8 26. Rga1 Bc8 27. c5 b5 28. Ra8+ Kc7 29.
Na5 Bb7 30. Ra7 Rb8 31. Bxb5 Nd5+ 32. Kf2 cxb5 33. c6 1-0

[Event "*** Titled Tuesday Blitz"]
[Site "Chess.com"]
[Date "2020.11.03"]
[Round "8"]
[White "suyu28"]
[Black "djano"]
[Result "1-0"]
[WhiteElo "2652"]
[BlackElo "2462"]
[TimeControl "180+1"]
[EndTime "11:32:32 PST"]
[Termination "suyu28 won on time"]

1. e4 e5 2. Nf3 Nc6 3. d4 exd4 4. Nxd4 Qf6 5. Nf3 Bc5 6. Nc3 Nge7 7. Bd3 Ne5 8. Be2 d6 9. O-O O-O 10. Na4 Bb6 11. Nxe5 dxe5 12. Nxb6 axb6 13. b3 Ng6 14. g3 Bh3 15. Re1 Rfd8 16. Bd3 Nf4 17.
Bxf4 exf4 18. Qh5 Rxd3 19. cxd3 Be6 20. e5 Qd8 21. gxf4 g6 22. Qf3 Bd5 23. Qg3 Qd7 24. h3 Bc6 25. Kh2 Rd8 26. Re3 Qd4 27. Rg1 Bd7 28.
Qg5 Re8 29. h4 Qb2 30. Kg3 Qxa2 31. h5 Qa3 32. Kh2 Qe7 33. Qxe7 Rxe7 34. h6 Bc6 35. Ra1 Re8 36. Re2 f6 37. Rea2 1-0

[Event "*** Titled Tuesday Blitz"]
[Site "Chess.com"]
[Date "2020.11.03"]
[Round "8"]
[White "Oglob71"]
[Black "MomchilPetkov"]
[Result "0-1"]
[WhiteElo "2473"]
[BlackElo "2657"]
[TimeControl "180+1"]
[EndTime "11:32:33 PST"]
[Termination "MomchilPetkov won by resignation"]

1. d4 g6 2. e4 Bg7 3. Nc3 c6 4. Be3 d5 5. f3 dxe4 6. fxe4 e5 7. Nf3 Bg4 8. dxe5 Qxd1+ 9. Rxd1 Nd7 10. Bf4 Bxf3 11.
gxf3 Nxe5 12. Kf2 Ne7 13. Bh3 O-O 14. Na4 b6 15. b3 f5 16. Bxe5 Bxe5 17. Rd7 Rae8 18.
exf5 Nxf5 19. Bxf5 Rxf5 20. Rxa7 b5 21. Rd1 bxa4 22.
Rdd7 axb3 23. cxb3 Ref8 24. Ke2 R5f7 25. h3 Rxd7 26. Rxd7 Ra8 27. Rd2 c5 28. Rc2 Bd4 29. Kd3 Rf8 30. Ke4 Re8+ 31. Kd5 Kf7 32. a4 Rb8 33. a5 Rxb3 34. Ra2 Bg1 35. a6 Rb8 36.
Kc4 Kf6 37. Ra1 Bd4 38. Ra2 Ke5 39. a7 Ra8 40. h4 Kf4 41. Ra3 Be3 42. Ra6 Kxf3 43.
Rf6+ Kg4 44. Rf7 h5 45. Rg7 Kxh4 46. Kd3 Bd4 47. Rf7 g5 48. Kc4 g4 49. Kb5 c4 50.
Kxc4 Rxa7 51. Rf1 Be5 52. Kd5 Bh2 53. Ke4 Re7+ 54. Kd3 g3 55. Rf5 g2 0-1

[Event "*** Titled Tuesday Blitz"]
[Site "Chess.com"]
[Date "2020.11.03"]
[Round "8"]
[White "MartinZumsande"]
[Black "Savva09022009"]
[Result "0-1"]
[WhiteElo "2525"]
[BlackElo "2406"]
[TimeControl "180+1"]
[EndTime "11:32:33 PST"]
[Termination "Savva09022009 won by resignation"]

1. e4 c5 2. c3 Nf6 3. e5 Nd5 4. d4 cxd4 5. cxd4 Nc6 6. Nc3 Nxc3 7. bxc3 d6 8. f4 g6 9. Nf3 Bg7 10. Bd3 O-O 11. O-O Bf5 12. Bxf5 gxf5 13. Re1 e6 14. Ba3 Re8 15. Bxd6 Bf8 16. Bxf8 Rxf8 17. c4 Ne7 18.
Qe2 Qc7 19. Rac1 Rad8 20. Qf2 Ng6 21. Qg3 f6 22. h4 Kh8 23. h5 Ne7 24. exf6 Rxf6 25.
Qh4 Ng8 26. Kh1 Rh6 27. Ng5 Qd7 28. d5 exd5 29. cxd5 Nf6 30. Nh3 Qg7 31. d6 Rxh5 32. Qf2 Ne4 33. Qc2 Qg3 34. Rxe4 fxe4 35. Qxe4 Rxh3+ 36. gxh3 Qxh3+ 37. Kg1 Qg3+ 38. Kf1 Qh3+ 39. Kf2 Qh2+ 40.
Ke3 Qg3+ 41. Kd4 Rxd6+ 42. Ke5 Rd8 43. Rc7 Re8+ 44. Kf6 Rxe4 45. Rc8+ Qg8 0-1

[Event "*** Titled Tuesday Blitz"]
[Site "Chess.com"]
[Date "2020.11.03"]
[Round "8"]
[White "Nachsueb"]
[Black "Mr_Sinigami"]
[Result "0-1"]
[WhiteElo "2145"]
[BlackElo "2509"]
[TimeControl "180+1"]
[EndTime "11:32:33 PST"]
[Termination "Mr_Sinigami won on time"]

1. c4 Nf6 2. Nc3 g6 3. e4 d6 4. d4 Bg7 5. f4 O-O 6. Nf3 c5 7. d5 e6 8. dxe6 fxe6 9. Bd3 Nc6 10. O-O Qe7 11. Ng5 a6 12. a4 Bd7 13. Bd2 Rad8 14.
Qe2 Nd4 15. Qd1 Nh5 16. Rb1 Bc6 17. b4 cxb4 18. Rxb4 d5 19. cxd5 Qxb4 20. dxc6 bxc6 21. f5 exf5 22. exf5 Nxf5 23. Bxf5 Rxf5 24. Rxf5 gxf5 25. Qxh5 Qd4+ 26. Kh1 Qxd2 27. Qxh7+ Kf8 28. Qxf5+ Kg8 29. Qh7+ Kf8 30. Qf5+ Kg8 31. Qe6+ Kh8 32. Nf7+ Kh7 33. Ng5+ Qxg5 34. Qe4+ Kh8 35. h4 Qg3 0-1

[Event "*** Titled Tuesday Blitz"]
[Site "Chess.com"]
[Date "2020.11.03"]
[Round "8"]
[White "crazy_but_lazy"]
[Black "PavelShkapenko"]
[Result "0-1"]
[WhiteElo "2461"]
[BlackElo "2644"]
[TimeControl "180+1"]
[EndTime "11:32:34 PST"]
[Termination "PavelShkapenko won by resignation"]

1. c4 Nf6 2. Nc3 e6 3. e4 c5 4. e5 Ng8 5. Nf3 d6 6. d4 cxd4 7.
Qxd4 Nc6 8. Qf4 Nge7 9. exd6 Ng6 10. Qe4 Bxd6 11. Bg5 f6 12. Be3 O-O 13. O-O-O Qe7 14.
h4 Nge5 15. Nxe5 Bxe5 16. Qc2 Rd8 17. Bd3 f5 18. a3 Nd4 19. Bxd4 Bxd4 20. g3 Qf6 21.
Rhe1 Bd7 22. Kb1 Bc6 23. Nb5 Bxb5 24. cxb5 e5 25. Bxf5 g6 26. Qc4+ Kg7 27. Qc7+ Kh8 28. Be4 Rac8 29. Qxb7 Qxf2 30. Rxd4 Qxe1+ 31. Ka2 exd4 32. h5 Qxg3 33. hxg6 hxg6 34. Qf7 Rf8 35. Qe7 Rce8 36. Qb7 d3 37. Bxd3 Qxd3 38. Qh1+ Kg7 39. Qb7+ Rf7 0-1

[Event "*** Titled Tuesday Blitz"]
[Site "Chess.com"]
[Date "2020.11.03"]
[Round "8"]
[White "lider34"]
[Black "juancruzarias"]
[Result "0-1"]
[WhiteElo "2400"]
[BlackElo "2549"]
[TimeControl "180+1"]
[EndTime "11:32:35 PST"]
[Termination "juancruzarias won by checkmate"]

1. e4 c5 2. c3 e6 3. d4 d5 4. exd5 exd5 5. Bb5+ Bd7 6. Bxd7+ Nxd7 7. Nf3 Ngf6 8. O-O Be7 9. dxc5 Nxc5 10. Nbd2 O-O 11. Nb3 Nce4 12. h3 Re8 13. Be3 b6 14. Bd4 Rc8 15.
Re1 Bd6 16. Qd3 Qd7 17. a4 Bb8 18. a5 Re6 19. axb6 axb6 20. Ra6 Qb7 21. Rea1 Nd7 22. Qb5 Nd6 23. Qd3 Nc4 24. R6a2 h6 25. Nbd2 b5 26. b3 Nd6 27. Nf1 Ne4 28. Ne3 Rce8 29. Ra5 Qc6 30. Rxb5 Ndf6 31. Rb6 Qd7 32. Rxe6 fxe6 33. Qa6 e5 34. Ba7 Bxa7 35. Qxa7 Qxa7 36. Rxa7 Nxc3 37. Nf5 Nh5 38. g4 Nf4 39. Rxg7+ Kh8 40. Rc7 Nce2+ 41. Kh2 e4 42. N3h4 d4 43. Nxh6 d3 44. Rd7 e3 45.
fxe3 Rxe3 46. g5 Rxh3# 0-1

[Event "*** Titled Tuesday Blitz"]
[Site "Chess.com"]
[Date "2020.11.03"]
[Round "8"]
[White "shnitez"]
[Black "JoliyRoger"]
[Result "1-0"]
[WhiteElo "2526"]
[BlackElo "2370"]
[TimeControl "180+1"]
[EndTime "11:32:35 PST"]
[Termination "shnitez won by checkmate"]

1. e4 c6 2. d4 d5 3. e5 Bf5 4. h4 Qb6 5. Nc3 a6 6. a4 a5 7. Ra3 h6 8. Rb3 Qc7 9. g4 Bd7 10. Bd3 e6 11. f4 h5 12. gxh5 Nh6 13. Nge2 Na6 14. Ng3 Nb4 15. Be2 Be7 16. Be3 Qd8 17.
Kf2 Bxh4 18. Bd3 Nxd3+ 19. Qxd3 Nf5 20. Ne2 b5 21. Kg2 bxa4 22. Nxf5 exf5 23. Ra3 Be7 24. Rxa4 c5 25. Raa1 c4 26. Qd2 Qb6 27. Nc3 Be6 28.
Kf2 Bb4 29. Rag1 Rh7 30. Ra1 Ke7 31. Qe2 Rah8 32. Na4 Qc6 33. c3 g6 34. cxb4 axb4 35. Nc5 Rxh5 36. Rxh5 Rxh5 37. Kg2 Kf8 38. Rh1 Rxh1 39.
Kxh1 Qb6 40. Qd2 Qa5 41. Kg2 Qa2 42. Qxb4 Qb1 43. Nxe6+ Kg8 44. Qf8+ Kh7 45. Qg7# 1-0

[Event "*** Titled Tuesday Blitz"]
[Site "Chess.com"]
[Date "2020.11.03"]
[Round "8"]
[White "Sokoloco"]
[Black "Mimsychess"]
[Result "1-0"]
[WhiteElo "2452"]
[BlackElo "2319"]
[TimeControl "180+1"]
[EndTime "11:32:36 PST"]
[Termination "Sokoloco won by checkmate"]

1. b3 d5 2. Bb2 Bg4 3. h3 Bh5 4. Nf3 Nd7 5. d3 Bxf3 6. exf3 Ngf6 7. f4 g6 8. g4 Bg7 9. Be2 O-O 10. Nd2 Ne8 11. Bxg7 Nxg7 12. Nf3 c6 13. Qd2 Qc7 14. d4 e6 15. h4 Nf6 16. Ne5 Ne4 17.
Qe3 f6 18. Nd3 Rae8 19. O-O-O b6 20. Kb2 c5 21. f3 cxd4 22. Qxd4 Ng3 23. Rh2 Rc8 24. Bf1 Nxf1 25. Rxf1 Qd6 26. h5 gxh5 27. Rg1 hxg4 28. Rxg4 Rf7 29. Qg1 Qc7 30. Rgh4 Qc3+ 31. Kb1 Kf8 32. Rxh7 Rcc7 33. Qg6 f5 34. Qg5 Qf6 35.
Ne5 Qxg5 36. fxg5 Rce7 37. Rh8# 1-0

[Event "*** Titled Tuesday Blitz"]
[Site "Chess.com"]
[Date "2020.11.03"]
[Round "8"]
[White "Trickov"]
[Black "ChSalas"]
[Result "1/2-1/2"]
[WhiteElo "2334"]
[BlackElo "2500"]
[TimeControl "180+1"]
[EndTime "11:32:38 PST"]
[Termination "Game drawn - insufficient material"]

1. d3 d5 2. Nf3 Nf6 3. g3 c6 4. Bg2 Bf5 5. O-O e6 6. c4 Nbd7 7. cxd5 exd5 8. Nd4 Bg6 9. Nc3 Bc5 10. Nb3 Bb6 11. e4 dxe4 12. dxe4 Nc5 13. Be3 Qxd1 14. Rfxd1 Nxb3 15. axb3 Bxe3 16. fxe3 Ng4 17. Rd3 Ne5 18. Rd4 Ke7 19. b4 a6 20. Ra5 f6 21. Bh3 Nf3+ 22.
Kf2 Nxd4 23. exd4 Rhd8 24. Ke3 Bf7 25. Na4 Bc4 26. Nb6 Bb5 27. Nxa8 Rxa8 28. Ra1 b6 29. Bg2 a5 30. bxa5 Rxa5 31. Rxa5 bxa5 32. Bh3 Kd6 33. Bf5 h6 34. Kf4 g5+ 35. Ke3 c5 36. h4 cxd4+ 37.
Kxd4 Be2 38. Bc8 Bh5 39. Bh3 Kc6 40. Bf1 Bf7 41. e5 fxe5+ 42. Kxe5 gxh4 43. gxh4 Kc5 44. Kf6 Be8 45. Kg7 h5 46. Kh6 Kb4 47. Be2 Kb3 48. Bxh5 Bxh5 49. Kxh5 Kxb2 50. Kg6 a4 51. h5 a3 52. h6 a2 53. h7 a1=Q 54. h8=Q+ Ka2 55. Qxa1+ Kxa1 1/2-1/2

[Event "*** Titled Tuesday Blitz"]
[Site "Chess.com"]
[Date "2020.11.03"]
[Round "8"]
[White "Kaslask"]
[Black "Forantes"]
[Result "1-0"]
[WhiteElo "2303"]
[BlackElo "2374"]
[TimeControl "180+1"]
[EndTime "11:32:39 PST"]
[Termination "Kaslask won by checkmate"]

1. d4 Nf6 2. c4 g6 3. Nc3 d5 4. cxd5 Nxd5 5. Bd2 Bg7 6. e4 Nb6 7. Be3 O-O 8. f4 Nc6 9. d5 Na5 10. Bd4 e5 11. Bxe5 f6 12. Bd4 Re8 13. Be2 Nac4 14. Qb3 Nd6 15. Bf3 Bf5 16. O-O-O Nxe4 17. Nxe4 Bxe4 18. Bxe4 Rxe4 19. Bc3 a5 20. Nf3 a4 21. Qb5 Qd6 22. Rhe1 Qxf4+ 23. Kb1 a3 24. d6 Bf8 25. dxc7 axb2 26. Qxb6 Rxe1 27. Qb3+ Kg7 28. Bxe1 Rc8 29. Rd7+ Kh8 30. Bc3 Qe4+ 31. Kxb2 Qe2+ 32. Nd2 Bg7 33. Qf7 Rg8 34. c8=Q Qb5+ 35. Kc2 Qa4+ 36. Nb3 Qe4+ 37. Kb2 Qxg2+ 38. Ka3 Bf8+ 39. Qcxf8 Rxf8 40.
Qg7# 1-0

[Event "*** Titled Tuesday Blitz"]
[Site "Chess.com"]
[Date "2020.11.03"]
[Round "8"]
[White "AliKa2810"]
[Black "Loy_Konstantin"]
[Result "1-0"]
[WhiteElo "2566"]
[BlackElo "2381"]
[TimeControl "180+1"]
[EndTime "11:32:40 PST"]
[Termination "AliKa2810 won on time"]

1. c4 c5 2. Nc3 Nc6 3. Nf3 Nf6 4. d4 cxd4 5. Nxd4 g6 6. e4 Nxd4 7. Qxd4 d6 8. Be2 Bg7 9. O-O O-O 10. Qd2 Be6 11.
f3 Re8 12. b3 Qa5 13. Bb2 Rec8 14. Rad1 a6 15. Na4 Qxd2 16. Rxd2 Nd7 17. Bxg7 Kxg7 18. f4 f5 19. exf5 Bxf5 20. Bf3 Rab8 21. g4 Be6 22. Re1 Kf6 23. g5+ Kf7 24. Rxe6 Kxe6 25. Bg4+ Kf7 26. Bxd7 Rc7 27. Nb6 Rd8 28. Ba4 Rc5 29. b4 Rf5 30. Rf2 e5 31. h4 Ke6 32. Bb3 Rxf4 33. Rxf4 exf4 34. Kf2 Ke5 35. Kf3 Kd4 36. Nd5 Rf8 37. Nf6 Kc3 38. b5 a5 39. Kxf4 Kb4 40. Kg4 a4 41.
Bc2 a3 42. h5 gxh5+ 43. Kxh5 Rf7 44. Bxh7 Kxc4 45. Bg8 1-0